 Dungeon Crawl Stone Soup version 0.23-a0-359-g9beedce (webtiles) character file.

91690 RoseArtemis the Thaumaturge (level 15, -6/80 HPs)
             Began as a Spriggan Enchanter on Oct 23, 2018.
             Was an Initiate of Gozag.
             Shot with a bolt by a yaktaur captain (48 damage)
             ... on level 14 of the Dungeon on Oct 24, 2018.
             The game lasted 02:37:42 (43178 turns).

RoseArtemis the Thaumaturge (Spriggan Enchanter)   Turns: 43178, Time: 02:37:42

Health: -6/80      AC:  5    Str:  7    XL:     15   Next: 55%
Magic:  6/34       EV: 33    Int: 21    God:    Gozag
Gold:   5345       SH: 14    Dex: 26    Spells: 9/43 levels left

rFire    + . .     SeeInvis +   a - +9 quick blade (flame)
rCold    + . .     Gourm    .   x - +2 buckler
rNeg     . . .     Faith    .   P - +2 robe {rF+}
rPois    +         Spirit   .   (helmet restricted)
rElec    .         Reflect  +   y - +0 cloak
rCorr    .         Harm     .   (gloves unavailable)
MR       ++...                  (boots unavailable)
Stlth    +++++.....             U - +3 amulet of reflection
HPRegen  0.23/turn              p - ring of poison resistance
MPRegen  0.24/turn              V - ring "Misi" {+Fly rC+ Str+3 Int+3 Dex+4}

@: gold aura, very quick
A: very small, unfitting armour, see invisible, herbivore, speed 3, slow
metabolism 2
a: Potion Petition, Call Merchant, Bribe Branch, Renounce Religion, Evoke Flight


You were on level 14 of the Dungeon.
You worshipped Gozag.
Gozag was greatly pleased with you.
You were very hungry.

You visited 4 branches of the dungeon, and saw 23 of its levels.

You collected 8226 gold pieces.
You spent 2002 gold pieces at shops.
You paid 879 gold pieces to Gozag.

Inventory:

Hand Weapons
 a - a +9 quick blade of flaming (weapon)
 s - a +0 dagger of venom
 T - a +2 antimagic dagger
Missiles
 O - 5 throwing nets (quivered)
Armour
 x - a +2 buckler (worn)
 y - a +0 cloak (worn)
 P - a +2 robe of fire resistance (worn)
Jewellery
 b - a +6 ring of intelligence
 p - a ring of poison resistance (left hand)
 M - an uncursed ring of resist corrosion
 Q - an uncursed amulet of magic regeneration
 U - a +3 amulet of reflection (around neck)
 V - the ring "Misi" (right hand) {+Fly rC+ Str+3 Int+3 Dex+4}
   (You bought it in a shop on level 2 of the Orcish Mines)

   [ring of flight]

   It affects your strength (+3).
   It affects your intelligence (+3).
   It affects your dexterity (+4).
   It protects you from cold.
   It lets you fly.
Wands
 f - a wand of acid (34)
 l - a wand of polymorph (21)
 t - a wand of paralysis (19)
 B - a wand of disintegration (12)
 E - a wand of digging (12)
 J - a wand of enslavement (18)
 N - a wand of scattershot (5)
 R - a wand of iceblast (6)
Scrolls
 c - 2 scrolls of amnesia
 h - 7 scrolls of remove curse
 i - 4 scrolls of fear
 k - 6 scrolls of immolation
 u - 13 scrolls of teleportation
 v - 4 scrolls of magic mapping
 w - a scroll of torment
 G - a scroll of fog
 H - 4 scrolls of blinking
 I - a scroll of enchant armour
Potions
 e - 4 potions of might
 g - 4 potions of flight
 j - 4 potions of haste
 m - 11 potions of curing
 n - a potion of berserk rage
 o - 5 potions of agility
 q - 2 potions of resistance
 r - a potion of heal wounds
 A - a potion of mutation
 C - 4 potions of lignification
 D - 2 potions of ambrosia
 F - a potion of degeneration
 L - a potion of magic
Miscellaneous
 K - a lightning rod (4/4)
Comestibles
 d - 18 rations


   Skills:
 + Level 9.9 Fighting
 - Level 10.0 Short Blades
 + Level 13.8 Dodging
 + Level 10.3 Stealth
 - Level 7.2 Shields
 + Level 14.6 Spellcasting
 - Level 2.0 Conjurations
 - Level 12.0 Hexes
 - Level 2.1 Charms
 - Level 5.2 Summonings
 - Level 4.0 Transmutations
 - Level 4.0 Air Magic
 - Level 2.0 Earth Magic
 - Level 4.0 Poison Magic
 - Level 6.0 Evocations


You had 9 spell levels left.
You knew the following spells:

 Your Spells              Type           Power        Failure   Level  Hunger
a - Ensorcelled Hibernat  Hex/Ice        #####.       1%          2    None
b - Confuse               Hex            ######..     1%          3    None
c - Dazzling Spray        Conj/Hex       #####.       1%          3    None
d - Summon Lightning Spi  Summ/Air       ####....     6%          4    None
e - Summon Ice Beast      Ice/Summ       ####....     14%         4    None
f - Fulminant Prism       Conj/Hex       #####.....   2%          4    None
g - Olgreb's Toxic Radia  Pois           ####....     8%          4    None
h - Petrify               Tmut/Erth      ####....     12%         4    None
m - Mephitic Cloud        Conj/Pois/Air  ####....     3%          3    None
r - Regeneration          Chrm/Necr      ###.......   8%          3    None

Your spell library contained the following spells:

 Spells                   Type           Power        Failure   Level  Hunger
 Confusing Touch          Hex            ######       1%          1    None
 Corona                   Hex            ######.      1%          1    None
 Magic Dart               Conj           ###.         1%          1    None
 Sting                    Conj/Pois      ####         1%          1    None
 Summon Small Mammal      Summ           ####         1%          1    None
 Call Imp                 Summ           #####...     1%          2    None
 Poisonous Vapours        Pois/Air       ####..       1%          2    None
 Call Canine Familiar     Summ           #####...     1%          3    None
 Summon Guardian Golem    Hex/Summ       ######..     1%          3    None
 Tukima's Dance           Hex            ######..     1%          3    None
 Searing Ray              Conj           ###...       2%          2    None
 Animate Skeleton         Necr           N/A          4%          1    None
 Pain                     Necr           ###.         4%          1    None
 Yara's Violent Unravell  Hex/Tmut       #####.....   4%          5    ###....
 Metabolic Englaciation   Hex/Ice        #####.....   10%         5    ###....
 Gell's Gravitas          Tloc           ###.......   12%         3    None
 Vampiric Draining        Necr           ###.......   12%         3    None
 Iskenderun's Mystic Bla  Conj           ###.....     17%         4    None
 Force Lance              Conj/Tloc      ###.....     26%         4    None
 Venom Bolt               Conj/Pois      ####......   32%         5    ###....
 Animate Dead             Necr           N/A          36%         4    None


Dungeon Overview and Level Annotations

Branches:
Dungeon (14/15)            Temple (1/1) D:5            Lair (6/6) D:11
  Swamp (0/4) Lair:3        Snake (0/4) Lair:2        Slime (0/5) Lair:5
    Orc (2/2) D:11            Elf (0/3) Orc:2        Vaults (0/5) D:14

Altars:
Ashenzari
Cheibriados
Dithmenos
Elyvilon
Fedhas
Gozag
Hepliaklqana
Kikubaaqudgha
Makhleb
Nemelex Xobeh
Okawaru
Qazlal
Ru
Sif Muna
Trog
Uskayaw
Vehumet
Wu Jian
Xom
Yredelemnul
Zin
The Shining One
Beogh
Jiyva

Shops:
D:12 ?   Orc:2 ?(?=

Annotations:
Lair:2 exclusion: oklob plant
Lair:3 3 runed doors, Zuunur's ghost, journeyman SpEn


Innate Abilities, Weirdness & Mutations

You are very small and have problems with some larger weapons.
You are too small for most types of armour.
You have supernaturally acute eyesight. (SInv)
You are a herbivore.
You cover ground extremely quickly.
You need to consume almost no food.


Message History

You now have 5345 gold pieces (gained 4).
The shadow slips into darkness.
The shadow flickers and vanishes for a moment.
The shadow completely misses you.
The yaktaur captain shouts!
You hit the shadow. You burn the shadow. You block the shadow's attack.
You puncture the shadow! You burn the shadow.
The yaktaur captain wields a +0 arbalest.
The yaktaur captain shoots a bolt.
You reflect the bolt off an invisible shield around you!
The bolt hits the yaktaur captain!!
You hit the shadow. You burn the shadow. You barely miss the shadow.
You block the shadow's attack.
You hit the shadow. You burn the shadow. You hit the shadow.
You burn the shadow.
You destroy the shadow!
The yaktaur captain shoots a bolt.
The bolt hits you!!!
Ouch! That really hurt!
You die...
Your body crumbles into a pile of gold.

###
..................:.....##
.#
#............####....####
.## ##.....##..##≈≈≈#≈#..#
..# ######....# ≈≈≈≈≈#..#
..### ##...##.##≈#≈#≈≈##.#
#...###....#
#.≈≈≈≈≈≈≈≈≈#.## ........##
#.#≈≈≈≈≈≈#≈≈..# #....###
#.##≈#≈≈≈≈#≈..# .....##
#.@≈≈≈≈#≈≈#...## ......#
######..###≈≈##≈$...#
.##.###
#.........##≈#....#.#
###..#
#.................##.#
##.# #...........#######
.# #.## #...###.......##
## #..# #####?#####....# #
##.# #$#D##.##c..## ##
#.### #.#.#.##?#....#


You could see a yaktaur captain.

Vanquished Creatures
  Rupert (Orc:2)
  2 minotaurs (D:11)
  Snorg (Lair:4)
  4 dire elephants (Lair:6)
  Harold (D:10)
  A fire dragon (D:13)
  4 hydras
  3 vault guards (D:14)
  Erica (D:10)
  An anaconda (Lair:6)
  4 two-headed ogres
  Urug (D:10)
  5 orc high priests
  A tengu warrior (D:14)
  13 death yaks
  A deep elf knight (D:10)
  Nergalle (Lair:1)
  3 skeletal warriors (D:13)
  A wizard (D:14)
  An unseen horror (D:14)
  A deep elf archer (D:14)
  3 deep elf magi
  6 orc sorcerers
  6 orc knights
  6 ugly things
  A cyclops (D:13)
  Joseph (D:10)
  3 black mambas
  9 elephants (Lair:6)
  A torpor snail (Lair:6)
  A kobold demonologist (D:13)
  5 komodo dragons
  12 spiny frogs
  9 yaktaurs (D:11)
  A queen bee (D:10)
  A meliai (shapeshifter) (D:14)
  4 trolls
  2 bog bodies (Lair:3)
  10 blink frogs
  A polar bear (Lair:3)
  6 slime creatures (D:13)
  10 dream sheep
  8 hippogriffs
  A shadow (D:14)
  A spriggan (Lair:3)
  A wraith (D:14)
  3 wyverns
  2 humans (D:14)
  3 basilisks
  55 yaks
  2 hungry ghosts
  3 nagas (Lair:2)
  7 vampire mosquitoes
  7 wargs
  4 swamp worms (Lair:3)
  A soldier ant (shapeshifter) (D:14)
  10 water moccasins
  A hornet zombie (D:12)
  11 porcupines
  2 phantoms
  5 ice beasts
  4 black bears
  24 orc warriors
  4 sky beasts
  6 centaurs
  14 ogres
  20 wolves
  16 crocodiles
  A big kobold (D:9)
  14 bullfrogs
  A wyvern zombie (D:9)
  A gnoll sergeant (D:13)
  14 scorpions
  2 wyvern skeletons
  34 killer bees
  5 wights (D:12)
  4 howler monkeys
  9 electric eels
  6 crimson imps
  A bullfrog zombie (D:8)
  4 hounds
  11 jellies
  Crazy Yiuf (D:5)
  19 orc wizards
  23 orc priests
  5 centaur skeletons
  Jessica (D:3)
  6 iguanas
  12 worker ants
  Ijyb (D:3)
  A hound zombie (D:8)
  2 hound skeletons
  13 adders
  16 gnolls
  9 shadow imps
  7 oozes
  2 adder skeletons (D:7)
  2 worms
  2 dart slugs
  2 leopard geckos (D:1)
  81 orcs
  6 bats
  11 giant cockroaches
  5 goblins
  11 hobgoblins
  18 jackals
  A quokka (D:10)
  3 ball pythons
  5 frilled lizards
  17 kobolds
  A leopard gecko skeleton (D:4)
  A leopard gecko zombie (D:5)
  2 quokka zombies
  13 rats
  5 plants (Lair:6)
775 creatures vanquished.

Vanquished Creatures (collateral kills)
  3 yaks (Lair:2)
  A wolf (Lair:2)
4 creatures vanquished.

Vanquished Creatures (others)
  2 orc priests (Orc:2)
  2 gnolls (D:11)
  2 orcs (Orc:2)
  20 fulminant prisms
  9 fungi
  8 plants
43 creatures vanquished.

Grand Total: 822 creatures vanquished

Notes
Turn   | Place    | Note
-------+----------+-------------------------------------------
     0 | D:1      | RoseArtemis the Spriggan Enchanter began the quest for the
                  | Orb.
     0 | D:1      | Reached XP level 1. HP: 9/9 MP: 5/5
   458 | D:1      | Reached XP level 2. HP: 13/13 MP: 4/6
   945 | D:1      | Learned a level 2 spell: Ensorcelled Hibernation
   962 | D:1      | Reached skill level 3 in Spellcasting
  1308 | D:2      | Reached XP level 3. HP: 16/16 MP: 5/8
  1852 | D:2      | Reached skill level 5 in Stealth
  1969 | D:2      | Learned a level 3 spell: Confuse
  2131 | D:2      | Reached XP level 4. HP: 21/21 MP: 7/9
  2289 | D:2      | Found a glowing golden altar of the Shining One.
  2810 | D:3      | Noticed Jessica
  2833 | D:3      | Killed Jessica
  2833 | D:3      | Reached skill level 5 in Hexes
  2833 | D:3      | Reached XP level 5. HP: 13/24 MP: 0/11
  3482 | D:3      | Noticed Ijyb
  3531 | D:3      | Killed Ijyb
  4475 | D:4      | Noticed an ogre
  4486 | D:4      | Killed an ogre
  4486 | D:4      | Reached skill level 4 in Spellcasting
  4486 | D:4      | Reached XP level 6. HP: 28/28 MP: 7/13
  4669 | D:4      | Reached skill level 5 in Dodging
  4675 | D:4      | Found a radiant altar of Vehumet.
  4675 | D:4      | Found a stormy altar of Qazlal.
  4829 | D:4      | Found a deep blue altar of Sif Muna.
  5044 | D:4      | Reached XP level 7. HP: 32/32 MP: 14/14
  5900 | D:5      | Entered Level 5 of the Dungeon
  5961 | D:5      | Reached skill level 5 in Spellcasting
  6019 | D:5      | Reached XP level 8. HP: 36/36 MP: 16/16
  6685 | D:5      | Found a runed door.
  6841 | D:5      | Found a staircase to the Ecumenical Temple.
  6861 | Temple   | Entered the Ecumenical Temple
  6927 | Temple   | Became a worshipper of Gozag Ym Sagoz the Greedy
  7257 | D:5      | Noticed Crazy Yiuf
  7263 | D:5      | Killed Crazy Yiuf
  7327 | D:6      | Found a glowing silver altar of Zin.
  7511 | D:6      | Reached skill level 1 in Shields
  7511 | D:6      | Reached skill level 6 in Spellcasting
  7515 | D:6      | Reached skill level 5 in Short Blades
  8371 | D:6      | Found a bloodstained altar of Trog.
  8870 | D:7      | Noticed a hippogriff
  8876 | D:7      | Killed a hippogriff
  8876 | D:7      | Reached skill level 7 in Spellcasting
  8876 | D:7      | Reached XP level 9. HP: 39/39 MP: 17/20
  9538 | D:8      | Found a sparkling altar of Nemelex Xobeh.
  9617 | D:8      | Found a shattered altar of Ashenzari.
  9896 | D:8      | Noticed a two-headed ogre
  9930 | D:8      | Killed a two-headed ogre
  9930 | D:8      | Reached skill level 8 in Spellcasting
 11153 | D:8      | Learned a level 3 spell: Dazzling Spray
 11254 | D:9      | Reached skill level 5 in Shields
 11256 | D:9      | Reached XP level 10. HP: 44/44 MP: 15/23
 11458 | D:9      | Found a sacrificial altar of Ru.
 12288 | D:9      | Learned a level 4 spell: Summon Lightning Spire
 12652 | D:10     | Entered Level 10 of the Dungeon
 12693 | D:10     | Noticed a two-headed ogre
 12738 | D:10     | Killed a two-headed ogre
 12738 | D:10     | Reached skill level 9 in Spellcasting
 12738 | D:10     | Reached skill level 1 in Summonings
 12738 | D:10     | Reached skill level 1 in Air Magic
 13534 | D:10     | Noticed Joseph
 13551 | D:10     | Killed Joseph
 14376 | D:10     | Noticed Erica
 14383 | D:10     | Killed Erica
 14383 | D:10     | Reached XP level 11. HP: 47/47 MP: 20/25
 15061 | D:11     | Reached skill level 1 in Evocations
 15139 | D:11     | Found a staircase to the Orcish Mines.
 15145 | D:11     | Found a roughly hewn altar of Beogh.
 15607 | D:11     | Noticed a deep elf knight
 15607 | D:11     | Noticed Urug
 16559 | D:11     | Found a staircase to the Lair.
 16585 | D:11     | Reached skill level 10 in Spellcasting
 16766 | Lair:1   | Entered Level 1 of the Lair of Beasts
 17116 | Lair:1   | Noticed Nergalle
 17125 | Lair:1   | Killed Nergalle
 17425 | D:11     | Noticed Harold
 17485 | D:11     | Paralysed by a crimson imp for 6 turns
 18400 | Lair:2   | Reached skill level 5 in Evocations
 18599 | Lair:2   | Noticed a death yak
 18602 | Lair:2   | Noticed a death yak
 18605 | Lair:2   | Noticed a death yak
 18606 | Lair:2   | Noticed a death yak
 18606 | Lair:2   | Noticed a death yak
 18761 | Lair:1   | Learned a level 4 spell: Summon Ice Beast
 18766 | Lair:1   | Learned a level 4 spell: Fulminant Prism
 18915 | Lair:2   | Reached XP level 12. HP: 51/51 MP: 24/27
 18960 | Lair:2   | Learned a level 4 spell: Olgreb's Toxic Radiance
 18989 | Lair:2   | Found a staircase to the Snake Pit.
 19000 | Lair:2   | Reached skill level 10 in Short Blades
 19529 | Lair:2   | Reached skill level 1 in Poison Magic
 19529 | Lair:2   | Reached skill level 11 in Spellcasting
 19700 | Lair:1   | Killed a death yak
 19703 | Lair:1   | Killed a death yak
 19703 | Lair:1   | Reached skill level 5 in Summonings
 20795 | Lair:1   | Learned a level 3 spell: Mephitic Cloud
 20939 | Lair:2   | Reached skill level 1 in Fighting
 21642 | Lair:2   | Killed a death yak
 21932 | Lair:3   | Found a runed gate.
 21932 | Lair:3   | Found a runed gate.
 21932 | Lair:3   | Found a runed gate.
 21932 | Lair:3   | Noticed Zuunur's ghost (journeyman SpEn)
 22786 | Lair:3   | Found a staircase to the Swamp.
 23705 | Lair:4   | Reached XP level 13. HP: 13/61 MP: 4/29
 24454 | Lair:5   | Reached skill level 12 in Spellcasting
 24656 | Lair:5   | Noticed Snorg
 25006 | Lair:5   | Reached skill level 10 in Hexes
 25141 | Lair:5   | Reached skill level 5 in Fighting
 25417 | Lair:5   | Found a runed door.
 25417 | Lair:5   | Found a viscous altar of Jiyva.
 25417 | Lair:5   | Found a staircase to the Slime Pits.
 25736 | Lair:5   | Learned a level 4 spell: Petrify
 25759 | Lair:6   | Entered Level 6 of the Lair of Beasts
 25831 | Lair:6   | Reached skill level 1 in Transmutations
 26321 | Lair:6   | Reached skill level 1 in Earth Magic
 26716 | Lair:6   | Reached skill level 10 in Dodging
 29261 | Lair:6   | Paralysed by fainting for 11 turns
 30077 | Lair:6   | Reached skill level 13 in Spellcasting
 30085 | Lair:6   | Noticed a dire elephant
 30085 | Lair:6   | Noticed a dire elephant
 30110 | Lair:6   | Noticed a dire elephant
 30135 | Lair:6   | Noticed a dire elephant
 30375 | Lair:6   | Killed a dire elephant
 30375 | Lair:6   | Reached XP level 14. HP: 51/72 MP: 17/32
 31100 | Lair:4   | Killed Snorg
 31299 | D:11     | Learned a level 3 spell: Regeneration
 31524 | D:10     | Reached skill level 1 in Charms
 31533 | D:10     | Killed Harold
 31960 | D:10     | Killed Urug
 35487 | D:12     | Found Niunnax's Magic Scroll Shop.
 35495 | D:12     | Bought 2 scrolls of teleportation for 96 gold pieces
 35495 | D:12     | Bought 3 scrolls of blinking for 360 gold pieces
 35850 | D:12     | Reached skill level 14 in Spellcasting
 36266 | D:13     | Found a labyrinth entrance.
 36588 | D:13     | Identified a scroll of acquirement
 36674 | D:12     | Bought a scroll of enchant armour for 120 gold pieces
 36674 | D:12     | Bought a scroll of brand weapon for 320 gold pieces
 36816 | D:13     | Found the +4 robe of Augmentation {Str+4 Int+4 Dex+4}
 38471 | D:14     | Reached XP level 15. HP: 77/79 MP: 18/34
 38849 | D:14     | Noticed an iron dragon
 38849 | D:14     | Noticed a frost giant
 39101 | Orc:1    | Entered Level 1 of the Orcish Mines
 39129 | Orc:1    | Reached skill level 1 in Conjurations
 39590 | Orc:2    | Entered Level 2 of the Orcish Mines
 40339 | Orc:2    | Noticed Rupert
 40366 | Orc:2    | Killed Rupert
 41362 | Orc:2    | Found a staircase to the Elven Halls.
 41964 | Orc:2    | Found Sageg's Weapon Shop.
 41964 | Orc:2    | Found Ukit Itruo's Magic Scroll Emporium.
 41966 | Orc:2    | Found Engairel's Jewellery Shop.
 41966 | Orc:2    | Found Biabagap's Magic Scroll Emporium.
 41974 | Orc:2    | Bought a +3 amulet of reflection for 235 gold pieces
 41974 | Orc:2    | Bought the ring "Misi" {+Fly rC+ Str+3 Int+3 Dex+4} for 787
                  | gold pieces
 41982 | Orc:2    | Bought a scroll of teleportation for 39 gold pieces
 41982 | Orc:2    | Bought a scroll of fear for 45 gold pieces
 42626 | D:14     | Reached skill level 10 in Stealth
 42923 | D:14     | Found a gate to the Vaults.
 43178 | D:14     | Shot with a bolt by a yaktaur captain

Vault maps used:
D:1:      dpeg_arrival_lava_altar
D:2:      nicolae_overflow_hidden_temple
D:3:      first_ration, chequers_serial_rivers_room_a, uniq_ijyb, uniq_jessica
D:4:      marbit_many_paths, gammafunk_temple_overflow_statue
D:5:      kennysheep_spiral_hall, temple_doors_e, uniq_crazy_yiuf_cottage
D:6:      zin_treasury, lightli_temple_of_fire
D:8:      ashenzari_conservatory_becter, lemuel_doored_altar, serial_bayou,
          serial_bayou_pond_b, serial_bayou_lagoon_b, serial_bayou_lagoon_a,
          serial_bayou_crossing
D:9:      nicolae_ru_sacrificial_ziggurat
D:10:     uniq_erica, uniq_joseph
D:11:     fort_yaktaur, due_lair_maze_entry_diamond,
          minmay_orc_entry_temple_small, david_nohive_1, minmay_misc_feat_rows,
          sword_in_stone
D:12:     serial_shops, shop, kennysheep_generic_room_8
D:13:     serial_rivers, chequers_serial_rivers_large_a,
          chequers_serial_rivers_large_b, chequers_serial_rivers_micro_a,
          chequers_serial_rivers_micro_e, chequers_serial_rivers_micro_d,
          lab_entry_generic
D:14:     minmay_glassy_protrusions, grunt_vaults_entry_fortified, minivault_4
Temple:   eino_temple_lava
Lair:1:   lemuel_fruit_tree, grunt_megastairs_2, uniq_nergalle
Lair:2:   minmay_snake_entry_guardpost_small, beast_lair_carwin_2,
          minmay_lair_oklob_chamber, grunt_megastairs_4
Lair:3:   nicolae_swamp_entry_splash_gauntlet, gammafunk_ghost_necromancy,
          grunt_forest_large_clearing_hut
Lair:5:   slime_altar_2, infiniplex_staircase_pool_2, uniq_snorg
Lair:6:   due_jungle_book
Orc:2:    grunt_orc_tribal_feast, uniq_rupert

Skill      XL: |  1  2  3  4  5  6  7  8  9 10 11 12 13 14 15 |
---------------+----------------------------------------------+-----
Hexes          | 4 5 6 7 8 9 10 12 | 12.0
Spellcasting   | 3 4 5 7 8 9 10 11 13 14 | 14.6
Stealth        | 5 6 7 8 10 | 10.3
Short Blades   | 2 3 4 6 7 8 9 10 | 10.0
Dodging        | 4 5 6 8 11 13 | 13.8
Shields        | 2 5 6 7 |  7.2
Summonings     | 2 4 5 |  5.2
Air Magic      | 3 4 |  4.0
Evocations     | 5 6 |  6.0
Poison Magic   | 4 |  4.0
Fighting       | 4 7 9 |  9.9
Transmutations | 4 |  4.0
Earth Magic    | 2 |  2.0
Charms         | 2 |  2.1
Conjurations   | 2 |  2.0

Action                   |  1- 3 |  4- 6 |  7- 9 | 10-12 | 13-15 || total
-------------------------+-------+-------+-------+-------+-------++-------
Melee: Dagger            |   168 |   169 |   298 |   460 |  1371 ||  2466
       Quick blade       |       |       |       |       |   447 ||   447
Throw: Stone             |     5 |       |       |       |       ||     5
 Cast: Corona            |    13 |       |       |       |       ||    13
       Ensorcelled Hiber |    20 |    62 |   136 |   330 |   451 ||   999
       Confuse           |       |     1 |    24 |    29 |    46 ||   100
       Dazzling Spray    |       |       |       |    39 |   113 ||   152
       Summon Lightning  |       |       |       |     9 |     7 ||    16
       Fulminant Prism   |       |       |       |    10 |    10 ||    20
       Mephitic Cloud    |       |       |       |     8 |    17 ||    25
       Olgreb's Toxic Ra |       |       |       |     4 |    96 ||   100
       Petrify           |       |       |       |       |    14 ||    14
       Summon Ice Beast  |       |       |       |       |    11 ||    11
       Regeneration      |       |       |       |       |     1 ||     1
Invok: Potion Petition   |       |       |     1 |     2 |       ||     3
Evoke: Wand              |       |       |       |     2 |     4 ||     6
  Use: Scroll            |       |     3 |    16 |    14 |    12 ||    45
       Potion            |       |       |       |     1 |     3 ||     4
 Stab: Sleeping          |    21 |    44 |    88 |   161 |   216 ||   530
       Confused          |       |     1 |    18 |    18 |    46 ||    83
       Distracted        |       |       |     1 |     2 |     6 ||     9
       Invisible         |       |       |       |    16 |    27 ||    43
       Paralysed         |       |       |       |       |     4 ||     4
       Petrified         |       |       |       |       |     2 ||     2
  Eat: Ration            |       |     3 |     5 |     6 |    12 ||    26
Armor: Robe              |    11 |     4 |     9 |    28 |    20 ||    72
       Skin              |       |    10 |       |       |       ||    10
Dodge: Dodged            |   120 |    68 |   140 |   456 |   662 ||  1446
Block: Buckler           |       |       |    49 |   207 |   369 ||   625
       Reflection        |       |       |       |       |     2 ||     2

Table legend:
 A = Non-vault XP
 B = Vault XP
 C = Vault XP percentage of total XP
 D = Non-vault monster count
 E = Vault monster count
 F = Vault count percentage of total count
                 A         B        C        D         E       F
            +---------+---------+-------+---------+---------+-------
      Total |   83954 |   47033 |  35.9 |     614 |     160 |  20.7
            +---------+---------+-------+---------+---------+-------
        D:1 |      40 |       0 |   0.0 |      24 |       0 |   0.0
        D:2 |      69 |       0 |   0.0 |      23 |       0 |   0.0
        D:3 |     193 |      72 |  27.2 |      40 |       2 |   4.8
        D:4 |     772 |      33 |   4.1 |      29 |       1 |   3.3
        D:5 |     462 |     167 |  26.6 |      20 |       4 |  16.7
        D:6 |     747 |       0 |   0.0 |      17 |       0 |   0.0
        D:7 |     830 |       0 |   0.0 |      11 |       0 |   0.0
        D:8 |    1944 |      50 |   2.5 |      31 |       1 |   3.1
        D:9 |    1431 |      66 |   4.4 |      26 |       1 |   3.7
       D:10 |    2909 |    4843 |  62.5 |      24 |      12 |  33.3
       D:11 |    1972 |   12599 |  86.5 |      22 |      60 |  73.2
       D:12 |    6151 |     134 |   2.1 |      35 |       2 |   5.4
       D:13 |    9304 |       0 |   0.0 |      48 |       0 |   0.0
       D:14 |    7434 |    7131 |  49.0 |      28 |      12 |  30.0
     Lair:1 |    2757 |    2205 |  44.4 |      16 |       5 |  23.8
     Lair:2 |    7280 |    3997 |  35.4 |      40 |      11 |  21.6
     Lair:3 |     883 |    2168 |  71.1 |       8 |      10 |  55.6
     Lair:4 |    4132 |    1213 |  22.7 |      22 |       1 |   4.3
     Lair:5 |    8992 |      99 |   1.1 |      34 |       4 |  10.5
     Lair:6 |   18626 |    2799 |  13.1 |      39 |       5 |  11.4
      Orc:1 |    4280 |       0 |   0.0 |      52 |       0 |   0.0
      Orc:2 |    2746 |    9457 |  77.5 |      25 |      29 |  53.7
            +---------+---------+-------+---------+---------+-------
